 Dungeon Crawl Stone Soup version 0.32-a0-39-g5c88369fb2 (webtiles) character file.

Game seed: 2294412902384490714

946 Gargoyl the Trooper (level 8, -1/49 HPs)
             Began as a Gargoyle Berserker on Feb 1, 2024.
             Was a Believer of Trog.
             Constricted to death by Ijyb (3 damage)
             ... on level 5 of the Dungeon.
             The game lasted 00:07:49 (3975 turns).

Gargoyl the Trooper (Gargoyle Berserker)            Turns: 3975, Time: 00:07:50

Health: -1/49      AC: 17    Str: 21    XL:     8   Next: 13%
Magic:  8/8        EV:  6    Int:  8    God:    Trog [**....]
Gold:   211        SH:  0    Dex: 11    Spells: 7/7 levels left

rFire   + . .        n - +2 short sword (venom)
rCold   + . .        (no shield)
rNeg    + + .        k - +2 chain mail
rPois   ∞            (no helmet)
rElec   +            p - scarf {rC+ rF+}
rCorr   .            (no gloves)
SInv    .            (no boots)
Will    .....        (no amulet) Stlth
                     f - ring of flight
HPRegen 0.28/turn    m - ring of positive energy
MPRegen 0.11/turn

%: no passive effects
@: grasped by roots, on berserk cooldown, attractive, flying, constricted
A: sickness immunity, AC +5, negative energy resistance 1, electricity
resistance, torment resistance 1, petrification resistance
a: Renounce Religion, Berserk, Trog's Hand


You were on level 5 of the Dungeon.
You worshipped Trog.
Trog was pleased with you.
You visited 1 branch of the dungeon, and saw 5 of its levels.

You collected 211 gold pieces.

Inventory:

Hand Weapons
 a - a +1 hand axe
 n - a +2 short sword of venom (weapon)
 q - a +0 war axe
Armour
 k - a +2 chain mail (worn)
 p - a scarf of resistance (worn)
Jewellery
 f - a ring of flight (left hand)
 m - a ring of positive energy (right hand)
Wands
 r - a wand of roots (2) (quivered)
 s - a wand of flame (13)
Scrolls
 d - 5 scrolls of identify
 e - a scroll of silence
 i - a scroll of enchant weapon
 o - a scroll of teleportation
Potions
 b - 3 potions of resistance
 c - a potion of attraction
 g - a potion of curing
 h - a potion of mutation {unknown}
 j - a potion of lignification {unknown}
 l - a potion of cancellation
 t - a potion of brilliance {unknown}
 u - a potion of heal wounds {unknown}


   Skills:
 + Level 5.1 Fighting
 + Level 4.8 Short Blades
 + Level 4.4 Axes
 + Level 4.4 Armour
 + Level 2.6 Dodging
 + Level 1.5 Stealth


You had 7 spell levels left.
You didn't know any spells.
Your spell library was empty.

Dungeon Overview and Level Annotations

Branches:
Dungeon (5/15)             Temple (0/1) D:4

Altars:
Dithmenos
Fedhas
Gozag
Hepliaklqana
Vehumet
Xom
Yredelemnul

Annotations:
D:5 Ijyb, Menkaure


Innate Abilities, Weirdness & Mutations

You are immune to sickness and miasma.
Your stone body is resilient. (AC +5)
You are immune to poison.
You resist negative energy. (rN+)
You are resistant to electric shocks. (rElec)
You are resistant to unholy torment.
You are immune to petrification.


Message History

The grasping roots constrict you.
Unknown command.
You escape the roots grasp.
Ijyb zaps a wand.
The roots erupt in riotous growth!
The grasping roots grab you! The grasping roots constrict you. x2
There is a stone staircase leading down here.
The roots grasp on you weakens, but your attempt to escape fails.
The grasping roots constrict you.
* * * LOW HITPOINT WARNING * * *
Unknown command.
It was a potion of attraction.
You feel attractive to monsters. Ijyb hits you but does no damage.
The grasping roots constrict you.
Menkaure casts a spell.
Menkaure seems to speed up.
Ijyb screams, "Me stronger than you!" Ijyb hits you but does no damage.
The grasping roots constrict you.
* * * LOW HITPOINT WARNING * * *
Menkaure is attracted toward you.
The grasping roots release their grip on you.
It was a potion of curing.
You feel better.
Ijyb zaps a wand.
The roots erupt in riotous growth!
The grasping roots grab you!
Menkaure is unaffected.
Ijyb is unaffected.
The grasping roots constrict you.
Menkaure calls on the powers of darkness!
Ijyb convulses!
Your body is wracked with pain!
* * * LOW HITPOINT WARNING * * *
It was a potion of cancellation.
Your magical effects are unravelling.
You feel magically purged.
You feel yourself speed up. Menkaure casts a spell at you.
Pain shoots through your body!
* * * LOW HITPOINT WARNING * * *
Ijyb hits you but does no damage. The grasping roots constrict you!
* * * LOW HITPOINT WARNING * * *
Menkaure barely misses you. Ijyb hits you but does no damage.
The grasping roots constrict you.
You die...

#.....#..### ..... #........#
#...# #..#..#..# #...#
#........####### . #...#
###...####......
#?#####...#######.....# #......
#..............##.....###......
.......)§....M.................
#............g@##..##.###......
#.#####...######.......##......
#...# #.......##......
####...#### #.#.###.########
#.........# #.#..##.#
#.#######.# #.......# #### #.#
#.###.##.##.# ...# #.#
#..##......... ...###.#
#..##.##....##.


You could see Ijyb and Menkaure (fast).

Vanquished Creatures
  Grinder (D:5)
  Eustachio (D:4)
  Duvessa (D:5)
  An ogre (D:4)
  A weeping skull (D:5)
  2 bombardier beetles
  A jelly (D:5)
  An iguana (D:5)
  3 orc wizards (D:4)
  5 adders
  2 ribbon worms
  20 orcs
  4 endoplasms
  5 giant cockroaches
  9 hobgoblins
  6 jackals
  4 quokkas
  7 ball pythons
  4 bats
  A frilled lizard (D:2)
  10 goblins
  5 kobolds
  A rat (D:2)
  A spectral orc (D:5)
96 creatures vanquished.

Vanquished Creatures (others)
  Dowan (D:5)
1 creature vanquished.

Grand Total: 97 creatures vanquished

Notes
Turn   | Place    | Note
-------+----------+-------------------------------------------
     0 | D:1      | Gargoyl the Gargoyle Berserker began the quest for the Orb.
     0 | D:1      | Reached XP level 1. HP: 14/14 MP: 1/1
   116 | D:1      | Reached XP level 2. HP: 19/19 MP: 2/2
  1075 | D:2      | Reached XP level 3. HP: 21/24 MP: 3/3
  1367 | D:3      | Reached ** piety under Trog
  1401 | D:3      | Reached XP level 4. HP: 27/29 MP: 4/4
  1428 | D:3      | Reached skill level 4 in Fighting
  1437 | D:3      | Reached XP level 5. HP: 33/33 MP: 5/5
  1722 | D:3      | Found an opulent altar of Gozag.
  2686 | D:4      | Found a staircase to the Ecumenical Temple.
  2746 | D:4      | Noticed an ogre
  2755 | D:4      | Killed an ogre
  2756 | D:4      | Reached skill level 1 in Short Blades
  2756 | D:4      | Reached XP level 6. HP: 38/38 MP: 6/6
  2790 | D:4      | Found a radiant altar of Vehumet.
  2852 | D:4      | Found a shimmering altar of Xom.
  2982 | D:4      | Noticed Eustachio
  3003 | D:4      | Killed Eustachio
  3003 | D:4      | Reached *** piety under Trog
  3004 | D:4      | Reached XP level 7. HP: 44/44 MP: 7/7
  3484 | D:4      | Found a hazy altar of Hepliaklqana.
  3485 | D:4      | Found a shadowy altar of Dithmenos.
  3485 | D:4      | Noticed a shadow
  3546 | D:5      | Entered Level 5 of the Dungeon
  3549 | D:5      | Found a blossoming altar of Fedhas.
  3619 | D:5      | Noticed Grinder
  3630 | D:5      | Killed Grinder
  3771 | D:5      | Found a basalt altar of Yredelemnul.
  3784 | D:5      | Reached skill level 5 in Fighting
  3801 | D:5      | Noticed Dowan
  3809 | D:5      | Noticed Ijyb
  3811 | D:5      | Noticed Duvessa
  3812 | D:5      | Killed Dowan
  3813 | D:5      | Reached XP level 8. HP: 45/49 MP: 8/8
  3962 | D:5      | Noticed Menkaure
  3964 | D:5      | Killed Duvessa
  3965 | D:5      | Reached skill level 1 in Stealth
  3975 | D:5      | HP: 2/49 [constriction (7)]
  3975 | D:5      | Constricted to death by Ijyb

Illustrated notes

Levels and vault maps discovered:
D:1:      lightli_arrival_quake, layout_basic
D:2:      layout_rooms
D:3:      layout_basic, nicolae_gozag_seed_capital, nicolae_half_adder
D:4:      layout_loops_ring, vehumet_crystals, mainiacjoe_overflow_alcove_1,
          riverfiend_overflow_shadow_ancestor, temple_doors_e, sigmund_army,
          uniq_eustachio
D:5:      layout_loops_cross, yredelemnul_forgotten_temple_becter,
          overflow_temple_1_default, uniq_grinder, uniq_duvessa, uniq_menkaure,
          uniq_ijyb

Skill      XL: |  1  2  3  4  5  6  7  8 |
---------------+-------------------------+-----
Axes           | 3 4 |  4.4
Fighting       | 4 5 |  5.1
Dodging        | 2 |  2.6
Short Blades   | 1 3 4 |  4.8
Armour         | 3 4 |  4.4
Stealth        | 1 |  1.5

Action                     |  1- 3 |  4- 6 |  7- 9 || total
---------------------------+-------+-------+-------++-------
  Melee: Hand axe          |   100 |    26 |       ||   126
         Short sword       |       |   134 |    92 ||   226
         Punch             |       |     4 |     1 ||     5
 Invoke: Berserk           |     1 |     3 |     4 ||     8
         Trog's Hand       |       |     1 |     4 ||     5
  Evoke: Wand              |       |       |     2 ||     2
    Use: Scroll            |     5 |     3 |     1 ||     9
         Potion            |       |       |     3 ||     3
 Armour: Animal skin       |    25 |       |       ||    25
         Chain mail        |    66 |   115 |    72 ||   253
  Dodge: Dodged            |    48 |    53 |    46 ||   147

Table legend: (Time is in decaauts)
 A = Elapsed time spent in this place.
 B = Non-inter-level travel time spent in this place.
 C = Inter-level travel time spent in this place.
 D = Time resting spent in this place.
 E = Time spent auto-exploring this place.
 F = Levels seen in this place.
 G = Mean time per level.
                   A        B        C        D        E       F      G
               +--------+--------+--------+--------+--------+-----+--------+
         Total |   4032 |   3729 |    303 |     93 |   2692 |   5 |  806.4 |
       Dungeon |   4032 |   3729 |    303 |     93 |   2692 |   5 |  806.4 |
               +--------+--------+--------+--------+--------+-----+--------+

Top non-repeatable levels by time:
     D:3: 1325 daAuts
     D:4: 987 daAuts
     D:1: 878 daAuts
     D:2: 502 daAuts
     D:5: 339 daAuts
